 Dungeon Crawl Stone Soup version 0.28-a0-1504-g839a4452db (console) character file.

Game seed: 2354144630508961487

28107 Banquo the Thaumaturge (level 13, -19/94 HPs)
             Began as a Djinni Cinder Acolyte on Jan 13, 2022.
             Was a Priest of Ignis.
             Demolished by an azure jelly (25 damage)
             ... in an ice cave on Jan 14, 2022.
             The game lasted 01:25:16 (22416 turns).

Banquo the Thaumaturge (Djinni Cinder Acolyte)     Turns: 22416, Time: 01:25:16

Health: -19/94     AC: 13    Str: 13    XL:     13   Next: 70%
Gold:   665        EV: 14    Int: 22    God:    Ignis [***...] SH: 11 Dex: 10

rFire   + + +      SeeInvis +   a - +8 trident {flame, rC+ Dex+2}
rCold   . . .      Faith    .   i - +2 buckler {AC+3}
rNeg    . . .      Spirit   .   d - +0 robe
rPois   ∞          Reflect  +   h - +2 hat
rElec   .          Harm     .   e - +0 cloak
rCorr   +          Rampage  .   g - +0 pair of gloves
Will    +....                   (boots unavailable)
Stlth   +.........              v - amulet of reflection
HPRegen 0.25/turn               s - ring of Internal Strife {Wiz +Blink Fly rCorr SInv}
MPRegen 0.00/turn               u - +4 ring of protection

@: flying
A: sickness immunity, fire resistance 2, cold vulnerability 1, float, innate
caster, hp casting, extra vitality 1
a: Renounce Religion, Evoke Blink, Fiery Armour, Foxfire Swarm, Rising Flame


You were in an ice cave.
You worshipped Ignis.
Ignis was most pleased with you.
You visited 3 branches of the dungeon, and saw 14 of its levels.
You also visited: Ice Cave.

You collected 665 gold pieces.

Inventory:

Hand Weapons
 a - the +8 trident of Division (weapon) {flame, rC+ Dex+2}
   (You found it on level 2 of the Lair of Beasts)

   It burns those it strikes, dealing additional fire damage.
   Dex:       It affects your dexterity (+2).
   rC:        It protects you from cold.
 c - a -1 short sword of flaming
 j - a +1 antimagic dagger
 E - a +2 spear of flaming
 H - a +1 rapier of protection
 M - a +4 hand crossbow of freezing
Missiles
 p - 8 boomerangs
 z - 14 poisoned darts
 A - 284 stones
 D - 3 atropa-tipped darts
 F - 3 throwing nets
Armour
 d - a +0 robe (worn)
 e - a +0 cloak (worn)
 g - a +0 pair of gloves (worn)
 h - a +2 hat (worn)
 i - a +2 buckler of protection (worn)
 L - a +0 tower shield
Magical Staves
 b - a staff of fire
Jewellery
 s - the ring of Internal Strife (left hand) {Wiz +Blink Fly rCorr SInv}
   (You found it on level 3 of the Dungeon)

   [ring of wizardry]

   It improves your spell success rate.
   SInv:      It lets you see invisible.
   Fly:       It grants you flight.
   +Blink:    It lets you blink.
   rCorr:     It protects you from acid and corrosion.
 u - a +4 ring of protection (right hand)
 v - an amulet of reflection (around neck)
 y - a +6 ring of strength
Wands
 r - a wand of flame (19)
 t - a wand of acid (9)
 w - a wand of digging (5)
 B - a wand of iceblast (5)
 C - a wand of paralysis (6)
 K - a wand of polymorph (3)
Scrolls
 m - 2 scrolls of magic mapping
 n - a scroll of fog {unknown}
 o - a scroll of fear
 G - 2 scrolls of teleportation
 J - a scroll of holy word
Potions
 f - a potion of mutation
 k - 4 potions of lignification
 l - a potion of invisibility
 q - 4 potions of brilliance
 x - 7 potions of curing
 N - a potion of heal wounds
Miscellaneous
 I - a condenser vane (inert)


   Skills:
 * Level 9.1 Fighting
 - Level 6.4 Short Blades
 * Level 4.4 Polearms
 * Level 9.2 Dodging
 - Level 4.0 Shields
 + Level 14.7 Spellcasting


You had 21 spell levels left.
You knew the following spells:

 Your Spells              Type           Power      Damage    Failure   Level
a - Animate Skeleton      Necr           100%       N/A       0%          1
b - Wereblood             Tmut           69%        N/A       0%          2
c - Alistair's Intoxicat  Tmut/Pois      46%        N/A       1%          5
g - Agony                 Necr           69%        N/A       1%          5
h - Call Canine Familiar  Summ           69%        N/A       1%          3
i - Call Imp              Summ           69%        N/A       0%          2
z - Scorch                Fire           100%       2d10      0%          2
Your spell library was empty.

Dungeon Overview and Level Annotations

Branches:
Dungeon (9/15)             Temple (1/1) D:7            Lair (4/6) D:9
  Swamp (0/4) Lair:2       Spider (0/4) Lair:3        IceCv (1/1)
    Orc: D:9-12

Altars:
Ashenzari
Cheibriados
Dithmenos
Elyvilon
Fedhas
Gozag
Hepliaklqana
Kikubaaqudgha
Makhleb
Nemelex Xobeh
Okawaru
Qazlal
Ru
Sif Muna
Trog
Uskayaw
Vehumet
Wu Jian
Xom
Yredelemnul
Zin
The Shining One

Shops:
D:8 (   D:9 [

Annotations:
IceCv exclusion: ice statue


Innate Abilities, Weirdness & Mutations

You are immune to sickness and miasma.
You are immune to poison.
Your flesh is very heat resistant. (rF++)
You are vulnerable to cold. (rC-)
You float through the air rather than walking.
You learn spells naturally, not from books.
Your magical power is your life essence.
You have superior vitality. (+4 MHP)


Message History

The azure jelly barely misses your warg.
The azure jelly hits your warg! The azure jelly freezes your warg!!!
Your warg dies!
Your warg's corpse disappears in a puff of smoke!
Casting: Scorch (safe; 0% risk of failure)
Press: ? - help, Q - select action, (/) - cycle Dir - look around, f - activate
Okay, then.
Casting: Scorch (safe; 0% risk of failure)
Confirm with . or Enter, or press ? or * to list all spells.
The walls melt the glowing shapeshifter simulacrum!
Casting: Scorch (safe; 0% risk of failure)
Press: ? - help, Q - select action, (/) - cycle Dir - look around, f - activate Flames lash the azure jelly.
The azure jelly is burned terribly!
The azure jelly is moderately wounded.
An azure jelly comes into view.
The walls melt the glowing shapeshifter simulacrum!
Your warg bites the azure jelly.
Casting: Scorch (safe; 0% risk of failure)
Press: ? - help, Q - select action, (/) - cycle Dir - look around, f - activate Flames lash the glowing shapeshifter simulacrum.
The glowing shapeshifter simulacrum melts!
The glowing shapeshifter simulacrum vaporises!
The azure jelly barely misses you. x2
The azure jelly hits you but does no damage. x2
Your warg bites the azure jelly!
The azure jelly hits you. The azure jelly freezes you!!!
The azure jelly hits you. The azure jelly freezes you!!
* * * LOW HITPOINT WARNING * * *
The azure jelly closely misses you. The azure jelly hits you.
* * * LOW HITPOINT WARNING * * *
Casting: Scorch (safe; 0% risk of failure)
Press: ? - help, Q - select action, (/) - cycle Dir - look around, f - activate Flames lash the azure jelly.
The azure jelly is burned terribly!
The azure jelly is heavily wounded.
* * * LOW HITPOINT WARNING * * *
Your warg barely misses the azure jelly.
The azure jelly hits you.
* * * LOW HITPOINT WARNING * * *
The azure jelly freezes you!!
You die...

#..##..### #.. ... ..#
..##...##. #..#._.#..#
..#...##..##.........#
.##...#....#...#J#...#
.#....#....##.......#
.#..#.......#...☼...#
##.##...#...##...h.#
#..##..##...##..J.#
#..##.8###..###.@.#
...#..## #..###..####
..##..# ##..##..##.#
..##..## #..##.##..##
#..#...# #..##......#
#..##..####..##......#
##..#....##..##......#
##..##.......##......#
.#...#...##...#...#..#


You could see 2 azure jellies and a friendly warg (summoned).

Vanquished Creatures
  Rupert (Lair:4)
  3 hydras
  8 death yaks
  A two-headed ogre (D:9)
  An ice statue (IceCv)
  Maurice (D:8)
  5 cane toads
  8 komodo dragons
  A rime drake (Lair:3)
  2 entropy weaver simulacra (IceCv)
  4 slime creatures (IceCv)
  6 blink frogs
  3 wyverns
  6 yaks
  3 basilisks
  A redback (Lair:3)
  2 demonic crawler simulacra (IceCv)
  12 water moccasins
  An ice beast (D:6)
  A sky beast (D:8)
  2 orc warriors
  2 necrophages
  2 black bears (D:6)
  2 ugly thing simulacra (IceCv)
  An ogre (D:5)
  2 centaurs
  12 bullfrogs
  6 glowing shapeshifter simulacra (IceCv)
  A cane toad simulacrum (Lair:4)
  A water moccasin skeleton (D:6)
  2 howler monkeys
  A centaur zombie (D:7)
  A bullfrog zombie (D:5)
  2 hounds
  A gnoll shaman (D:7)
  4 orc priests
  4 bullfrog skeletons
  4 orc wizards
  An iguana (D:4)
  Ijyb (D:5)
  A killer bee zombie (D:8)
  A wolf simulacrum (Lair:4)
  15 gnolls
  9 adders
  A white imp (D:6)
  An adder zombie (D:5)
  An adder skeleton (D:4)
  3 dart slugs
  2 worms
  24 orcs
  4 endoplasms
  3 giant cockroaches
  12 goblins
  3 hobgoblins
  5 jackals
  4 quokkas
  5 ball pythons
  3 bats
  2 frilled lizards
  5 kobolds
  A quokka skeleton (D:4)
  10 rats
237 creatures vanquished.

Vanquished Creatures (collateral kills)
  A quicksilver ooze (IceCv)
  Harold (D:9)
  3 death yaks (Lair:2)
  A cane toad (Lair:3)
  A komodo dragon (Lair:3)
  An entropy weaver simulacrum (IceCv)
  2 blink frogs (Lair:2)
  4 slime creatures (IceCv)
  5 yaks
  3 steam dragons
  2 demonic crawler simulacra (IceCv)
  A water moccasin (Lair:1)
  An ugly thing simulacrum (IceCv)
  A centaur (D:7)
  A gnoll sergeant (D:5)
  2 bullfrogs
  A centaur zombie (D:9)
  A hound (D:6)
  A gnoll (D:5)
  An adder (D:6)
  A shadow imp (D:8)
  A white imp (D:7)
  2 orcs
38 creatures vanquished.

Vanquished Creatures (others)
  A glowing shapeshifter simulacrum (IceCv)
  27 foxfires
  10 fungi
  21 plants
59 creatures vanquished.

Grand Total: 334 creatures vanquished

Notes
Turn   | Place    | Note
-------+----------+-------------------------------------------
     0 | D:1      | Banquo the Djinni Cinder Acolyte began the quest for the
                  | Orb.
     0 | D:1      | Reached XP level 1. HP: 20/20 MP: 0/0
   175 | D:1      | Reached XP level 2. HP: 25/25 MP: 0/0
  1521 | D:2      | Reached XP level 3. HP: 25/30 MP: 0/0
  1521 | D:2      | Learned a level 1 spell: Animate Skeleton
  1781 | D:2      | Reached skill level 3 in Spellcasting
  2181 | D:2      | Reached XP level 4. HP: 31/35 MP: 0/0
  3027 | D:3      | Identified the ring of Internal Strife {Wiz +Blink Fly
                  | rCorr SInv}
  3108 | D:3      | Found a faded altar of an unknown god.
  3226 | D:3      | Reached skill level 1 in Shields
  3399 | D:3      | Reached XP level 5. HP: 36/40 MP: 0/0
  3399 | D:3      | Learned a level 2 spell: Wereblood
  3752 | D:3      | Reached skill level 1 in Dodging
  4262 | D:4      | Noticed a necrophage
  4359 | D:4      | Killed a necrophage
  4360 | D:4      | Reached skill level 4 in Spellcasting
  4360 | D:4      | Reached XP level 6. HP: 37/47 MP: 0/0
  4734 | D:4      | Reached XP level 7. HP: 36/51 MP: 0/0
  4734 | D:4      | Learned a level 2 spell: Call Imp
  6129 | D:5      | Entered Level 5 of the Dungeon
  6460 | D:5      | Noticed Ijyb
  7202 | D:5      | Reached skill level 5 in Spellcasting
  7210 | D:5      | Reached XP level 8. HP: 29/58 MP: 0/0
  7685 | D:5      | Found an iron altar of Okawaru.
  7807 | D:5      | Killed Ijyb
  8565 | D:6      | Reached skill level 6 in Spellcasting
  8628 | D:6      | Reached XP level 9. HP: 57/64 MP: 0/0
  8628 | D:6      | Learned a level 3 spell: Call Canine Familiar
  8879 | D:6      | Reached skill level 5 in Fighting
  9271 | D:7      | Identified a scroll of acquirement
  9271 | D:7      | Acquired a manual of Spellcasting
  9437 | D:7      | Found a staircase to the Ecumenical Temple.
  9443 | Temple   | Entered the Ecumenical Temple
  9741 | D:7      | Reached skill level 7 in Spellcasting
 10713 | D:8      | Noticed Maurice
 10763 | D:8      | Reached skill level 8 in Spellcasting
 10775 | D:8      | Reached skill level 5 in Short Blades
 10856 | D:8      | Found Xyress's Antique Weapon Shoppe.
 10967 | D:8      | Killed Maurice
 10968 | D:8      | Reached skill level 5 in Dodging
 10968 | D:8      | Reached XP level 10. HP: 59/72 MP: 0/0
 10986 | D:8      | Reached skill level 9 in Spellcasting
 11590 | D:9      | Noticed Harold
 11608 | D:9      | Killed Harold
 11609 | D:9      | Reached skill level 10 in Spellcasting
 11879 | D:9      | Found Lovoda's Antique Armour Shoppe.
 12321 | D:9      | Found a staircase to the Lair.
 12321 | D:9      | Noticed a two-headed ogre
 12321 | D:9      | Noticed a komodo dragon
 12337 | D:9      | Killed a komodo dragon
 12339 | D:9      | Killed a two-headed ogre
 12587 | Lair:1   | Entered Level 1 of the Lair of Beasts
 12587 | Lair:1   | Noticed a seven-headed hydra
 12592 | Lair:1   | Killed a seven-headed hydra
 12593 | Lair:1   | Reached skill level 11 in Spellcasting
 12593 | Lair:1   | Reached XP level 11. HP: 69/78 MP: 0/0
 12593 | Lair:1   | Learned a level 5 spell: Alistair's Intoxication
 13085 | Lair:1   | Reached skill level 12 in Spellcasting
 13752 | Lair:2   | Noticed a death yak
 13752 | Lair:2   | Noticed a death yak
 13752 | Lair:2   | Noticed a death yak
 13752 | Lair:2   | Noticed a death yak
 13752 | Lair:2   | Noticed a death yak
 13752 | Lair:2   | Noticed a death yak
 13785 | Lair:2   | Identified the +1 chain mail of the Sun {Dex+3}
 13894 | Lair:2   | Identified the +8 trident of Division {flame, rC+ Dex+2}
 13928 | Lair:2   | Noticed a death yak
 13958 | Lair:1   | Killed a death yak
 14307 | Lair:2   | Noticed an eight-headed hydra
 14320 | Lair:2   | Killed an eight-headed hydra
 14321 | Lair:2   | Reached skill level 1 in Polearms
 14489 | Lair:2   | Found a staircase to the Swamp.
 14800 | Lair:2   | Noticed a death yak
 14813 | Lair:2   | Noticed a death yak
 14839 | Lair:2   | Killed a death yak
 14851 | Lair:2   | Killed a death yak
 14852 | Lair:2   | Reached XP level 12. HP: 55/85 MP: 0/0
 14857 | Lair:2   | Killed a death yak
 15149 | Lair:2   | Noticed a death yak
 15175 | Lair:2   | Killed a death yak
 15176 | Lair:2   | Reached skill level 13 in Spellcasting
 15619 | Lair:2   | Killed a death yak
 15626 | Lair:2   | Noticed a death yak
 15674 | Lair:2   | Killed a death yak
 16077 | Lair:1   | Killed a death yak
 16322 | Lair:2   | Killed a death yak
 16329 | Lair:2   | Killed a death yak
 16336 | Lair:2   | Killed a death yak
 16753 | Lair:2   | Found a staircase to the Swamp.
 17596 | Lair:3   | Found a hole to the Spider Nest.
 17814 | Lair:3   | Reached XP level 13. HP: 81/93 MP: 0/0
 17814 | Lair:3   | Learned a level 5 spell: Agony
 18249 | Lair:3   | Reached skill level 14 in Spellcasting
 18949 | Lair:4   | Noticed Rupert
 18963 | Lair:4   | Killed Rupert
 19084 | Lair:4   | Noticed a four-headed hydra
 19094 | Lair:4   | Killed a four-headed hydra
 19419 | Lair:4   | Found a frozen archway.
 19471 | IceCv    | Entered an ice cave
 21979 | IceCv    | Noticed a quicksilver ooze
 21988 | IceCv    | Killed a quicksilver ooze
 22408 | IceCv    | Found a viscous altar of Jiyva.
 22408 | IceCv    | Noticed an azure jelly
 22414 | IceCv    | Noticed an azure jelly
 22416 | IceCv    | Demolished by an azure jelly

Illustrated notes

Levels and vault maps discovered:
D:1:      amcnicky_arrival_feature_with_door, layout_basic
D:2:      layout_loops_cross, solitary_fountain
D:3:      layout_loops_ring, hellmonk_ecumenical_altar_blasted, st_stairs_11
D:4:      layout_loops_ring, chequers_serial_rivers_micro_b
D:5:      layout_loops_cross, kennysheep_okawaru_gauntlet, uniq_ijyb
D:6:      layout_loops_ring
D:7:      layout_loops_cross, minmay_temple_entry_gardened_gates
D:8:      layout_rooms, minmay_shop_grid_forest, lemuel_another_geyser,
          uniq_maurice
D:9:      layout_basic, david_lair_shrubbed, serial_shops, nicolae_diamond_shop,
          mrwooster_statue_mirror, uniq_harold
Temple:   roderic_octagonal_lattice_temple
Lair:1:   layout_misc_corridors
Lair:2:   layout_cave_pods, swamp_mist_pool
Lair:3:   layout_regular_city, spider_nest_entry_a
Lair:4:   layout_layer_cave, portal_ice_cave_entry_ice_simulacra, uniq_rupert
IceCv:    ice_cave_hellmonk_azure_passage

Skill      XL: |  1  2  3  4  5  6  7  8  9 10 11 12 13 |
---------------+----------------------------------------+-----
Short Blades   | 3 4 5 6 |  6.4
Spellcasting   | 3 4 5 6 8 11 12 13 14 | 14.7
Shields        | 1 2 3 4 |  4.0
Dodging        | 1 2 3 5 6 7 8 9 |  9.2
Fighting       | 4 5 6 7 8 9 |  9.1
Polearms       | 1 3 4 |  4.4

Action                   |  1- 3 |  4- 6 |  7- 9 | 10-12 | 13-15 || total
-------------------------+-------+-------+-------+-------+-------++-------
Melee: Short sword       |    36 |       |       |       |       ||    36
       Trident           |       |       |       |       |     6 ||     6
 Cast: Scorch            |    27 |    81 |   150 |   251 |   193 ||   702
       Call Imp          |       |       |    43 |    33 |    18 ||    94
       Call Canine Famil |       |       |    17 |    44 |    26 ||    87
Invok: Fiery Armour      |       |       |       |     2 |     1 ||     3
       Foxfire Swarm     |       |       |       |     1 |     1 ||     2
Evoke: Condenser vane    |       |       |       |       |     1 ||     1
  Use: Scroll            |       |       |    14 |     4 |     1 ||    19
       Potion            |       |       |       |       |     1 ||     1
Armor: Robe              |     4 |     4 |     7 |    22 |    19 ||    56
Dodge: Dodged            |    23 |    15 |    21 |    23 |    25 ||   107
Block: Buckler           |     4 |     2 |     4 |    21 |    19 ||    50

Table legend: (Time is in decaauts)
 A = Elapsed time spent in this place.
 B = Non-inter-level travel time spent in this place.
 C = Inter-level travel time spent in this place.
 D = Time resting spent in this place.
 E = Time spent auto-exploring this place.
 F = Levels seen in this place.
 G = Mean time per level.
                   A        B        C        D        E       F      G
               +--------+--------+--------+--------+--------+-----+--------+
         Total |  22443 |  21107 |   1336 |   6361 |  10931 |  15 | 1496.2 |
       Dungeon |  12529 |  11542 |    987 |   2402 |   7242 |   9 | 1392.1 |
        Temple |    284 |    265 |     19 |      0 |    243 |   1 |  284.0 |
          Lair |   6684 |   6354 |    330 |   1583 |   3446 |   4 | 1671.0 |
      Ice Cave |   2945 |   2945 |      0 |   2376 |      0 |   1 | 2945.0 |
               +--------+--------+--------+--------+--------+-----+--------+

Top non-repeatable levels by time:
  Lair:2: 3239 daAuts
   IceCv: 2945 daAuts
     D:4: 2371 daAuts
  Lair:1: 1494 daAuts
     D:5: 1491 daAuts
     D:2: 1434 daAuts
     D:1: 1424 daAuts
  Lair:3: 1373 daAuts
     D:3: 1355 daAuts
     D:6: 1226 daAuts
     D:7: 1206 daAuts
     D:9: 1046 daAuts
     D:8: 972 daAuts
  Lair:4: 576 daAuts
  Temple: 284 daAuts
